 Dungeon Crawl Stone Soup version 0.23.0 (webtiles) character file.

Game seed: 8148363735855715332

994 Faca the Fighter (level 7, -2/70 HPs)
             Began as a Centaur Hunter on Feb 13, 2019.
             Slain by a phantom (8 damage)
             ... on level 5 of the Dungeon.
             The game lasted 00:13:27 (5594 turns).

Faca the Fighter (Centaur Hunter)                   Turns: 5594, Time: 00:13:28

Health: -2/70      AC:  6    Str: 16    XL:     7   Next: 99%
Magic:  7/7        EV:  8    Int: 10    God:
Gold:   339        SH:  4    Dex: 10    Spells: 6/6 levels left

rFire    . . .     SeeInvis .   i - +1 dagger (venom)
rCold    . . .     Gourm    .   (no shield)
rNeg     . . .     Faith    .   u - +0 ring mail
rPois    .         Spirit   .   c - +0 helmet
rElec    .         Reflect  +   (no cloak)
rCorr    .         Harm     .   (no gloves)
MR       .....                  (no barding)
Stlth    ..........             b - +4 amulet of reflection
HPRegen  0.21/turn              (no ring)
MPRegen  0.10/turn              (no ring)

@: very quick
A: large, hooves 3, deformed body, speed 2, tough skin 3
a: no special abilities


You were on level 5 of the Dungeon.
You were not hungry.

You visited 1 branch of the dungeon, and saw 5 of its levels.

You collected 339 gold pieces.

Inventory:

Hand Weapons
 a - a +1 shortbow
 i - a +1 dagger of venom (weapon)
Missiles
 d - 59 arrows
Armour
 c - a +0 helmet (worn)
 u - a +0 ring mail (worn)
Jewellery
 b - a +4 amulet of reflection (around neck)
 s - an uncursed ring of ice
 w - an uncursed ring of fire
Wands
 t - a wand of disintegration (12)
 v - a wand of flame (8)
Scrolls
 j - 2 scrolls of fog
 l - a scroll of immolation
 m - 2 scrolls of enchant weapon
 x - a scroll of remove curse
Potions
 e - a potion of flight {unknown}
 h - a potion of cancellation {unknown}
 k - a potion of agility
 n - 2 potions of haste
 o - a potion of curing
 p - 2 potions of heal wounds
 r - a potion of mutation {unknown}
Comestibles
 f - 5 rations


   Skills:
 + Level 9.4 Fighting
 - Level 5.3 Bows
 - Level 1.3 Dodging
 - Level 0.4 Stealth


You had 6 spell levels left.
You didn't know any spells.
Your spell library contained the following spells:

 Spells                   Type           Power        Failure   Level  Hunger
 Beastly Appendage        Tmut           #.....       58%         1    ##.....
 Sticks to Snakes         Tmut           #.......     73%         2    ###....
 Spider Form              Tmut/Pois      #.........   91%         3    ####...
 Ice Form                 Ice/Tmut       #.......     100%        4    #####..
 Blade Hands              Tmut           #.........   100%        5    ######.


Dungeon Overview and Level Annotations

Branches:
Dungeon (5/15)
 Temple: D:4-7

Altars:
Ashenzari
Hepliaklqana
Kikubaaqudgha
Wu Jian
Xom
The Shining One


Innate Abilities, Weirdness & Mutations

You have hooves in place of feet.
Armour fits poorly on your strangely shaped body.
You cover ground very quickly.
You have extremely tough skin. (AC +3)


Message History

The phantom is almost destroyed.
The phantom hits you!
* * * LOW HITPOINT WARNING * * *
The phantom blinks!
You hit the phantom but do no damage.
The phantom is almost destroyed.
The phantom hits you.
* * * LOW HITPOINT WARNING * * *
You hit the phantom. You kick the phantom.
The phantom is almost destroyed.
The phantom hits you.
* * * LOW HITPOINT WARNING * * *
You barely miss the phantom.
The phantom is almost destroyed.
The phantom hits you.
* * * LOW HITPOINT WARNING * * *
You hit the phantom but do no damage.
The phantom is almost destroyed.
The phantom hits you!
You die...

.## #.###..#.......##.. #.#
#......).#........ .
#.###....###.......# ...
......##.# ##......# ....
...##.#######......##....
..##..## #<..............
........##................
....##............†........
.#### .........@W.........
## .[.###.......>...... ##
...###..>........... .# .
#................. ...#
..##............... ##..#
.#................ .#
..........)........ # .#
#.................. ##
####..................


You could see a phantom.

Vanquished Creatures
  Sigmund (D:3)
  A hungry ghost (D:4)
  A phantom (D:4)
  An ogre (D:4)
  A crimson imp (D:5)
  2 orc wizards
  A hound (D:5)
  2 worker ants
  Natasha (thrice) (D:3)
  2 hound skeletons
  Robin (D:3)
  10 adders
  A shadow imp (D:4)
  2 worms
  3 dart slugs
  A leopard gecko (D:3)
  11 orcs
  3 giant cockroaches
  22 goblins
  21 hobgoblins
  18 jackals
  8 kobolds
  A quokka (D:4)
  3 ball pythons
  4 bats
  6 frilled lizards
  A quokka skeleton (D:4)
  6 rats
137 creatures vanquished.

Notes
Turn   | Place    | Note
-------+----------+-------------------------------------------
     0 | D:1      | Faca the Centaur Hunter began the quest for the Orb.
     0 | D:1      | Reached XP level 1. HP: 17/17 MP: 1/1
   256 | D:1      | Reached XP level 2. HP: 17/25 MP: 2/2
   271 | D:1      | Reached skill level 3 in Fighting
   758 | D:1      | Reached XP level 3. HP: 28/31 MP: 3/3
  1509 | D:2      | Reached skill level 4 in Fighting
  1688 | D:2      | Found a shattered altar of Ashenzari.
  2084 | D:2      | Reached XP level 4. HP: 41/41 MP: 4/4
  2900 | D:2      | Reached skill level 5 in Fighting
  3001 | D:3      | Found an ancient bone altar of Kikubaaqudgha.
  3006 | D:3      | Reached XP level 5. HP: 42/48 MP: 5/5
  3054 | D:3      | Found an ornate altar of the Wu Jian Council.
  3076 | D:3      | Noticed Natasha
  3084 | D:3      | Killed Natasha
  3141 | D:3      | Noticed Robin
  3357 | D:3      | Noticed Natasha
  3358 | D:3      | Killed Robin
  3398 | D:3      | Killed Natasha
  3398 | D:3      | Reached skill level 6 in Fighting
  3607 | D:3      | Noticed Natasha
  3613 | D:3      | Killed Natasha
  3659 | D:3      | Reached XP level 6. HP: 42/58 MP: 6/6
  3808 | D:3      | Found a glowing golden altar of the Shining One.
  3853 | D:3      | Noticed Sigmund
  3867 | D:3      | Killed Sigmund
  3867 | D:3      | Reached skill level 7 in Fighting
  4136 | D:4      | Reached XP level 7. HP: 49/67 MP: 7/7
  4205 | D:4      | Reached skill level 8 in Fighting
  4520 | D:4      | Noticed a hungry ghost
  4597 | D:4      | Killed a hungry ghost
  4682 | D:4      | Found a shimmering altar of Xom.
  4683 | D:4      | Found a hazy altar of Hepliaklqana.
  4684 | D:4      | Noticed a spectral ugly thing
  4768 | D:4      | Reached skill level 9 in Fighting
  5329 | D:5      | Entered Level 5 of the Dungeon
  5594 | D:5      | Slain by a phantom

Skill      XL: |  1  2  3  4  5  6  7 |
---------------+----------------------+-----
Fighting       | 3 4 5 6 7 9 |  9.4
Bows           | |  5.3
Dodging        | |  1.3
Stealth        | |  0.4

Action                   |  1- 3 |  4- 6 |  7- 9 || total
-------------------------+-------+-------+-------++-------
Melee: Short sword       |    88 |       |       ||    88
       Kick              |    24 |    41 |    35 ||   100
       Dagger            |    53 |   227 |   164 ||   444
 Fire: Shortbow          |       |       |    16 ||    16
  Use: Scroll            |       |       |     9 ||     9
  Eat: Ration            |     1 |     1 |     2 ||     4
       Chunk             |       |     2 |     3 ||     5
Armor: Leather armour    |    62 |    19 |       ||    81
       Ring mail         |       |    53 |    52 ||   105
Dodge: Dodged            |   104 |    87 |    40 ||   231
Block: Other             |     9 |    30 |    22 ||    61
       Reflection        |     1 |     2 |       ||     3
